 Dungeon Crawl Stone Soup version bcrawl-1.27.1d (webtiles) character file.

Game seed: 2061663654343665073

74221 Niddhogr the Conjurer (level 1, 8/13 HPs)
             Began as a Demonspawn Conjurer on July 17, 2020.
             Quit the game on level 1 of the Dungeon.
             The game lasted 00:00:31 (196 turns).

Niddhogr the Conjurer (Demonspawn Conjurer)          Turns: 196, Time: 00:00:31

Health: 8/13       AC:  2    Str:  8    XL:     1   Next: 58%
Magic:  1/3        EV: 12    Int: 16    God:
Gold:   0          SH:  0    Dex: 13    Spells: 3/4 levels left

rFire    . . .     SeeInvis .     - Fists (2.6)
rCold    . . .     Gourm    .   (no shield)
rNeg     . . .     Faith    .   a - +0 robe
rPois    .         Spirit   .   (no helmet)
rElec    .         Reflect  .   (no cloak)
rCorr    .         Harm     .   (no gloves)
MR       .....                  (no boots)
Stlth    ++........             (no amulet)
HPRegen  0.04/turn              (no ring)
MPRegen  0.08/turn              (no ring)

@: no status effects
A: no striking features
a: no special abilities


You were on level 1 of the Dungeon.
You were not hungry.

You visited 1 branch of the dungeon, and saw 1 of its levels.

Inventory:

Armour
 a - a +0 robe (worn)
Potions
 c - a potion of magic
Comestibles
 b - 3 chunks of flesh
 e - a ration {!d}


   Skills:
 - Level 1.7 Dodging
 - Level 2.0 Stealth
 - Level 2.0 Spellcasting
 + Level 4.2 Conjurations


You had 3 spell levels left.
You knew the following spells:

 Your Spells              Type           Power        Failure   Level  Hunger
a - Magic Dart            Conj           ###.         3%          1    None

Your spell library contained the following spells:

 Spells                   Type           Power        Failure   Level  Hunger
 Searing Ray              Conj           ###.....     5%          2    ##.....
 Iskenderun's Mystic Bla  Conj           ###.....     11%         3    ####...
 Fulminant Prism          Conj/Hex       #.........   65%         4    ######.
 Irradiate                Conj/Tmut      #.........   94%         5    #######


Dungeon Overview and Level Annotations

Branches:
Dungeon (1/12)

Altars:


Message History

You hit the leopard gecko.
You kill the leopard gecko!
The rat misses you.
You hit the rat. The rat closely misses you.
You barely miss the rat. The rat bites you.
You take 3 damage, and have 10/13 hp.
MASSIVE DAMAGE!!
You hit the rat but do no damage. The rat barely misses you.
You closely miss the rat. The rat completely misses you.
You barely miss the rat. The rat closely misses you.
You hit the rat but do no damage. The rat bites you.
You take 3 damage, and have 7/13 hp.
MASSIVE DAMAGE!!
You closely miss the rat. The rat barely misses you.
You hit the rat but do no damage. The rat closely misses you.
You hit the rat but do no damage. The rat closely misses you.
You hit the rat.
You kill the rat!
You see here a rat corpse.
You see here a rat corpse.

## ... #...
#.#########
#....###
#.....@..>#
#.......
#########.#
#.#####. ###.###
#.# ## #.....#
#.# #
#.###.####.######
#.# #.÷..........
#.###.####.######
#.....# #.÷#####
####### #.......


There were no monsters in sight!

Levels and vault maps discovered:
D:1:      psy_arrival_radial02, layout_loops_ring,
          hangedman_abyss_or_decor_lesser_grid, columned_hall_lemuel,
          minmay_fountain_box

Notes
Turn   | Place    | Note
-------+----------+-------------------------------------------
     0 | D:1      | Niddhogr the Demonspawn Conjurer began the quest for the
                  | Orb.
     0 | D:1      | Reached XP level 1. HP: 13/13 MP: 3/3
   196 | D:1      | Quit the game

Table legend:
 A = Turns spent in this place as a percentage of turns spent in the entire game.
 B = Non-inter-level travel turns spent in this place as a percentage of non-inter-level travel turns spent in the entire game.
 C = Inter-level travel turns spent in this place as a percentage of turns spent in this place.
 D = Turns resting spent in this place as a percentage of non-inter-level travel turns spent in this place.
 E = Turns spent auto-exploring this place as a percentage of non-inter-level travel turns spent in this place.
 F = Non-inter-level travel turns spent in this place divided by the number of levels of this place that you've seen.
                   A       B       C       D       E      F
               +-------+-------+-------+-------+-------+----------------------
         Total | 100.0 | 100.0 |   0.0 |   0.0 |  84.2 | 196.0
       Dungeon | 100.0 | 100.0 |   0.0 |   0.0 |  84.2 | 196.0
               +-------+-------+-------+-------+-------+----------------------

Table legend:
 A = Kills in this place as a percentage of kills in entire the game.
 B = Kills by you in this place as a percentage of kills by you in the entire game.
 C = Kills by friends in this place as a percentage of kills by friends in the entire game.
 D = Other kills in this place as a percentage of other kills in the entire game.
 E = Experience gained in this place as a percentage of experience gained in the entire game.
 F = Experience gained in this place divided by the number of levels of this place that you have seen.
                   A       B       C       D       E      F
               +-------+-------+-------+-------+-------+----------------------
         Total | 100.0 | 100.0 |   N/A |   N/A | 100.0 |   7.0
       Dungeon | 100.0 | 100.0 |   N/A |   N/A | 100.0 |   7.0
               +-------+-------+-------+-------+-------+----------------------

Action                   || total
-------------------------++-------
Melee: Unarmed           ||    12
 Cast: Magic Dart        ||     8
Dodge: Dodged            ||     9

Vanquished Creatures
  A leopard gecko (D:1)
  4 rats (D:1)
5 creatures vanquished.
